 Dungeon Crawl Stone Soup version 0.31-a0-848-gaac375c287 (webtiles) character file.

Game seed: 5318614683130032729

14090 Schnaeble the Warrior (level 11, -14/104 HPs)
             Began as a Minotaur Fighter on Oct 5, 2023.
             Shot with an arrow by a centaur warrior (18 damage)
             ... on level 13 of the Dungeon.
             The game lasted 00:18:14 (10732 turns).

Schnaeble the Warrior (Minotaur Fighter)           Turns: 10732, Time: 00:18:15

Health: -14/104    AC: 17    Str: 23    XL:     11   Next: 84%
Magic:  10/10      EV: 10    Int:  1    God:
Gold:   504        SH:  5    Dex: 14    Spells: 10/10 levels left

rFire   . . .        d - +9 rapier "Oduytz" {protect, rElec Int-4 Dex+2}
rCold   + . .        c - +0 buckler
rNeg    . . .        A - +2 ring mail {rC+}
rPois   .            (helmet restricted)
rElec   +            v - +2 cloak {Stlth+}
rCorr   +            (no gloves)
SInv    .            (no boots)
Will    .....        (no amulet)
Stlth   ++           i - ring of resist corrosion
HPRegen 0.37/turn    g - +4 ring of slaying
MPRegen 0.12/turn

%: no passive effects
@: under a protective aura
A: horns 2, retaliatory headbutt, frail 1
a: no special abilities


You were on level 13 of the Dungeon.
You visited 1 branch of the dungeon, and saw 15 of its levels.

You collected 586 gold pieces.
You spent 82 gold pieces at shops.

Inventory:

Hand Weapons
 a - a +0 long sword
 d - the +9 rapier "Oduytz" (weapon) {protect, rElec Int-4 Dex+2}
   (You took it off a kobold on level 3 of the Dungeon)

   Int-4:     It affects your intelligence (-4).
   Dex+2:     It affects your dexterity (+2).
   rElec:     It insulates you from electricity.
Missiles
 G - 2 throwing nets
Armour
 b - a +0 scale mail
 c - a +0 buckler (worn)
 v - a +2 cloak of stealth (worn)
 A - a +2 ring mail of cold resistance (worn)
Jewellery
 g - a +4 ring of slaying (right hand)
 i - a ring of resist corrosion (left hand)
 t - a ring of positive energy
 B - a ring of positive energy
 C - a ring of willpower
Wands
 r - a wand of paralysis (9)
 w - a wand of flame (2)
 I - a wand of polymorph (2)
 J - a wand of mindburst (11)
Scrolls
 h - a scroll of revelation {unknown}
 l - 3 scrolls of amnesia {unknown}
 m - 12 scrolls of identify
 o - 6 scrolls of teleportation
 s - 4 scrolls of immolation {unknown}
 u - 2 scrolls of blinking {unknown}
 y - 2 scrolls of poison {unknown}
 z - a scroll of enchant weapon
 D - a scroll of fog
 E - a scroll of enchant armour
 F - a scroll of vulnerability {unknown}
 H - a scroll of brand weapon {unknown}
Potions
 e - a potion of invisibility {unknown}
 f - 2 potions of degeneration {unknown}
 j - a potion of curing
 k - 2 potions of mutation
 n - 3 potions of haste {unknown}
 p - 2 potions of heal wounds {unknown}
 q - 2 potions of enlightenment {unknown}
 x - a potion of brilliance {unknown}


   Skills:
 + Level 16.7 Fighting
 - Level 13.7(14.0) Short Blades
 - Level 4.7(10.8) Long Blades
 - Level 3.6 Armour
 - Level 0.3 Dodging
 - Level 3.6 Shields
 + Level 1.6 Evocations


You had 10 spell levels left.
You didn't know any spells.
Your spell library contained the following spells:

 Spells                   Type           Power      Damage    Failure   Level
 Apportation              Tloc           0%         N/A       78%         1
 Freeze                   Ice            0%         1d3       78%         1
 Necrotise                Necr           0%         1d4       78%         1
 Summon Small Mammal      Summ           0%         N/A       78%         1
 Blink                    Tloc           0%         N/A       89%         2
 Jinxbite                 Hex            0%         N/A       89%         2
 Lesser Beckoning         Tloc           0%         N/A       89%         2
 Momentum Strike          Conj/Tloc      0%         3d8       89%         2
 Poisonous Vapours        Pois/Air       0%         N/A       89%         2
 Scorch                   Fire           0%         2d5       89%         2
 Frozen Ramparts          Ice            0%         1d1       98%         3
 Hailstorm                Conj/Ice       0%         3d3       98%         3
 Mephitic Cloud           Conj/Pois/Air  0%         N/A       98%         3
 Flame Wave               Conj/Fire      0%         2d4       100%        4
 Alistair's Intoxication  Tmut/Pois      0%         N/A       100%        5
 Freezing Cloud           Conj/Ice/Air   0%         6-21      100%        5
 Summon Cactus Giant      Summ           0%         N/A       100%        6


Dungeon Overview and Level Annotations

Branches:
Dungeon (15/15)            Temple (0/1) D:4             Orc (0/2) D:10
   Lair: D:8-11      Vaults: D:13-14     Depths: D:15

Altars:
Ashenzari
Dithmenos
Elyvilon
Kikubaaqudgha
Nemelex Xobeh
Trog
Vehumet
Xom
Zin

Shops:
D:7 ?

Annotations:
D:6 Dowan, Duvessa
D:10 Erica


Innate Abilities, Weirdness & Mutations

You have a pair of horns on your head.
You reflexively headbutt those who attack you in melee.
You are frail. (-10% HP)


Message History

A centaur warrior comes into view.
The centaur warrior shouts!
A centaur warrior comes into view.
The centaur warrior wields a +0 shortbow.
The centaur warrior shoots an arrow.
You block the arrow.
You see here the +1 quarterstaff "Caaleyn" {flame, rPois rC- Will+++ Stlth+}.
The centaur warrior shoots an arrow.
The arrow hits you!
You hear a shout!
The centaur warrior shoots an arrow.
The arrow hits you!
The centaur warrior shoots an arrow.
The arrow hits you!
The centaur warrior shoots an arrow.
The arrow hits you!
The centaur warrior unwields a +0 shortbow.
The centaur warrior hits you but does no damage.
The centaur warrior kicks you.
The centaur warrior shouts!
You hit the centaur warrior.
Your weapon exudes an aura of protection.
The centaur warrior is lightly wounded.
The centaur warrior wields a +0 orcbow.
The centaur warrior shoots an arrow.
The arrow barely misses you. The centaur warrior hits you.
The centaur warrior kicks you but does no damage.
You impale the centaur warrior!!
The centaur warrior is heavily wounded.
The centaur warrior shoots an arrow.
The arrow hits you!!
You impale the centaur warrior!! You headbutt the centaur warrior!
You kill the centaur warrior!
The centaur warrior shoots an arrow.
The arrow closely misses you.
The centaur warrior shoots an arrow.
The arrow hits you.
* * * LOW HITPOINT WARNING * * *
Things that are here:
a +0 shortbow; a centaur corpse The centaur warrior shoots an arrow.
The arrow hits you.
* * * LOW HITPOINT WARNING * * *
The centaur warrior shoots an arrow.
The arrow hits you.
* * * LOW HITPOINT WARNING * * *
There is an open door here.
The centaur warrior shoots an arrow.
The arrow hits you!!
* * * LOW HITPOINT WARNING * * *
The centaur warrior shoots an arrow.
The arrow hits you!!
You die...

. ≈≈≈≈≈ #.##.#.#.#.#.#.#.#.#.
c. #≈≈≈# #.#.#+#.#.#.#.#.#.#.#
..≈##≈# #.##...#.#.#.#.#.#.#.
~~~≈## #.#'...+#.#.#.#.#.#.#
~≈≈≈≈ #.##...#.#.#.#.#.#.#.
.~~~~~####.#'...+#.#.#.#.#.#.#
.......)..)##...#.#.#.#.#.#.#.
........c...'...+#.#.#.#.#^#.#
.~~~~~≈~#####@..#.#.#.#.#.#.#.
.~~~~≈~## #<#.#.#.#+#'#+#.#.#
....... ##.....#.......[.#.
~~~~~#. #.#...#+).......#.#
~≈≈≈### ###...##........###
#≈≈# #...##........#
#...##.......≈≈#
~...##.~~###≈≈≈≈≈ ≈~...##≈~≈≈
≈≈≈≈≈≈


You could see a centaur warrior.

Vanquished Creatures
  A centaur warrior (D:13)
  A boulder beetle (D:13)
  A two-headed ogre (D:12)
  A deep elf pyromancer (D:8)
  4 cyclopes
  Joseph (D:8)
  4 gargoyles
  A freezing wraith (D:11)
  A kobold demonologist (D:13)
  3 trolls
  A hornet (D:7)
  A shadow (D:9)
  3 slime creatures (D:12)
  13 yaks
  Menkaure (D:7)
  7 vampire mosquitoes
  A water moccasin (D:7)
  3 acid dragons
  4 orc warriors
  A sky beast (D:7)
  3 ogres
  A phantom (D:4)
  8 centaurs
  2 kobold brigands
  5 bullfrogs
  2 scorpions
  2 gnoll sergeants
  4 wights
  4 killer bees (D:9)
  An electric eel (D:11)
  A howler monkey (D:7)
  2 hounds
  12 orc priests
  A gnoll bouda (D:10)
  Crazy Yiuf (D:4)
  A jelly (D:7)
  A sleepcap (D:6)
  6 orc wizards
  16 gnolls
  3 adders (D:4)
  A shadow imp (D:5)
  3 worms (D:2)
  2 dart slugs (D:3)
  32 orcs
  10 ball pythons
  4 bats
  8 endoplasms
  6 giant cockroaches
  8 goblins
  10 hobgoblins
  2 jackals (D:4)
  4 quokkas
  3 frilled lizards
  20 kobolds
  3 rats
245 creatures vanquished.

Vanquished Creatures (others)
  A yak (D:11)
  An orc wizard (D:9)
2 creatures vanquished.

Grand Total: 247 creatures vanquished

Notes
Turn   | Place    | Note
-------+----------+-------------------------------------------
     0 | D:1      | Schnaeble the Minotaur Fighter began the quest for the Orb.
     0 | D:1      | Reached XP level 1. HP: 19/19 MP: 0/0
    80 | D:1      | Reached skill level 4 in Fighting
    84 | D:1      | Reached XP level 2. HP: 27/27 MP: 1/1
   771 | D:2      | Reached XP level 3. HP: 32/34 MP: 2/2
  1063 | D:2      | Identified the +6 scale mail of the Sun {rCorr Int+2}
  1568 | D:3      | Reached XP level 4. HP: 24/41 MP: 3/3
  2148 | D:3      | Identified the +9 rapier "Oduytz" {protect, rElec Int-4
                  | Dex+2}
  2435 | D:3      | Identified the +3 quarterstaff of the Riding Dragonfly
                  | {vamp, *Slow rElec rPois Will+}
  2570 | D:4      | Noticed an ogre
  2575 | D:4      | Killed an ogre
  2576 | D:4      | Reached skill level 5 in Fighting
  2576 | D:4      | Reached XP level 5. HP: 42/48 MP: 4/4
  2879 | D:4      | Reached XP level 6. HP: 56/56 MP: 5/5
  3048 | D:4      | Found a shimmering altar of Xom.
  3048 | D:4      | Found a bloodstained altar of Trog.
  3048 | D:4      | Found a white marble altar of Elyvilon.
  3049 | D:4      | Found an ancient bone altar of Kikubaaqudgha.
  3049 | D:4      | Found a shadowy altar of Dithmenos.
  3055 | D:4      | Found a broken altar of Ashenzari.
  3055 | D:4      | Found a glowing silver altar of Zin.
  3056 | D:4      | Found a radiant altar of Vehumet.
  3204 | D:4      | Found a runed translucent door.
  3205 | D:4      | Noticed Crazy Yiuf
  3230 | D:4      | Found a staircase to the Ecumenical Temple.
  3400 | D:4      | Killed Crazy Yiuf
  3401 | D:4      | Reached skill level 5 in Short Blades
  3482 | D:5      | Entered Level 5 of the Dungeon
  3534 | D:5      | Reached XP level 7. HP: 45/62 MP: 6/6
  3856 | D:5      | Reached skill level 6 in Fighting
  4742 | D:6      | Noticed Duvessa
  4745 | D:6      | Noticed Dowan
  4751 | D:7      | Found Wusextoi's Magic Scroll Shoppe.
  4791 | D:7      | Bought a scroll of enchant weapon for 82 gold pieces
  4815 | D:7      | Reached XP level 8. HP: 70/70 MP: 7/7
  4894 | D:7      | Noticed a hornet
  4901 | D:7      | Paralysed by a hornet for 1 turns
  4902 | D:7      | Killed a hornet
  5088 | D:7      | Noticed Menkaure
  5100 | D:7      | Killed Menkaure
  5101 | D:7      | Reached skill level 10 in Short Blades
  5369 | D:7      | Reached XP level 9. HP: 77/78 MP: 8/8
  5409 | D:7      | Reached skill level 7 in Fighting
  5541 | D:8      | Noticed Joseph
  5557 | D:8      | Killed Joseph
  5558 | D:8      | Gained mutation: You are frail. (-10% HP) [potion of
                  | mutation]
  5780 | D:8      | Noticed a deep elf pyromancer
  5848 | D:8      | Killed a deep elf pyromancer
  6565 | D:8      | Identified the +9 orcbow of Rubbish {freeze, rPois Int+2
                  | Dex+2}
  6712 | D:9      | Reached XP level 10. HP: 72/79 MP: 9/9
  6725 | D:9      | Reached skill level 8 in Fighting
  7330 | D:9      | Found a sparkling altar of Nemelex Xobeh.
  7620 | D:10     | Entered Level 10 of the Dungeon
  7825 | D:10     | Found a staircase to the Orcish Mines.
  7825 | D:10     | Noticed a deep elf pyromancer
  7932 | D:11     | Noticed a cyclops
  7941 | D:11     | Killed a cyclops
  7942 | D:11     | Reached skill level 9 in Fighting
  7973 | D:11     | Noticed a cyclops
  7988 | D:11     | Killed a cyclops
  7989 | D:11     | Reached skill level 10 in Fighting
  8262 | D:11     | Noticed a cyclops
  8268 | D:11     | Killed a cyclops
  8269 | D:11     | Reached skill level 11 in Fighting
  8428 | D:11     | Reached skill level 12 in Fighting
  8566 | D:11     | Noticed a gargoyle
  8572 | D:11     | Killed a gargoyle
  8577 | D:11     | Noticed a gargoyle
  8616 | D:11     | Killed a gargoyle
  8617 | D:11     | Reached skill level 13 in Fighting
  8623 | D:11     | Reached XP level 11. HP: 53/96 MP: 10/10
  8652 | D:12     | Noticed a two-headed ogre
  8815 | D:10     | Noticed Erica
  9365 | D:12     | Killed a two-headed ogre
  9366 | D:12     | Reached skill level 14 in Fighting
  9366 | D:12     | Reached skill level 1 in Evocations
  9652 | D:12     | Reached skill level 15 in Fighting
 10227 | D:12     | Reached skill level 16 in Fighting
 10469 | D:13     | You fall into a shaft and drop 2 floors!
 10469 | D:15     | Entered Level 15 of the Dungeon
 10551 | D:14     | Noticed a red ugly thing
 10552 | D:14     | Noticed a red ugly thing
 10585 | D:13     | Noticed a boulder beetle
 10605 | D:13     | Killed a boulder beetle
 10715 | D:13     | Identified the +1 quarterstaff "Caaleyn" {flame, rPois rC-
                  | Will+++ Stlth+}
 10715 | D:13     | Noticed a centaur warrior
 10715 | D:13     | Noticed a centaur warrior
 10728 | D:13     | Killed a centaur warrior
 10732 | D:13     | HP: 4/104 [centaur warrior/arrow (19)]
 10732 | D:13     | Shot with an arrow by a centaur warrior

Illustrated notes

Levels and vault maps discovered:
D:1:      amcnicky_arrival_double_pillar, layout_basic,
          nicolae_houndstooth_variations
D:2:      minmay_spotlight, layout_loops_ring, hangedman_feature_mirror
D:3:      minmay_chambers_of_twos, layout_basic
D:4:      kennysheep_spiral_hall, layout_loops_cross,
          grunt_temple_overflow_open, temple_statues, uniq_crazy_yiuf_cottage
D:5:      layout_layer_cave
D:6:      layout_cave_pools, grunt_temple_overflow_holy_war,
          gammafunk_ghost_smash, uniq_blork_the_orc, uniq_duvessa
D:7:      layout_cave_pools, serial_shops, shop, minmay_checkerbox,
          uniq_menkaure
D:8:      layout_cave_pools, grunt_tough_drop, uniq_joseph
D:9:      layout_basic, nemelex_diamond_rough_becter
D:10:     layout_basic, hellmonk_lair_entry_icy, orc_0_dummy, uniq_erica,
          uniq_sonja, uniq_josephine
D:11:     nicolae_hitomezashi [nicolae_hito_row, nicolae_hito_row,
          nicolae_hito_row, nicolae_hito_row, nicolae_hito_row,
          nicolae_hito_row, nicolae_hito_row, nicolae_hito_row,
          nicolae_hito_row, nicolae_hito_row, nicolae_hito_row,
          nicolae_hito_row, nicolae_hito_row, nicolae_hito_row,
          nicolae_hito_row, nicolae_hito_row, nicolae_hito_row,
          nicolae_hito_row], layout_basic, lightli_fourway_metalbox
D:12:     cheibrodos_elevator_heist, layout_cave_pools
D:13:     layout_basic, xom_confusion_cloud, uniq_rupert
D:14:     layout_basic, erik_vaults_1, kennysheep_nondescript
D:15:     grunt_enter_depths_magical_seal, layout_stronghold, fedhas_altar_2

Skill      XL: |  1  2  3  4  5  6  7  8  9 10 11 |
---------------+----------------------------------+-----
Fighting       | 4 5 6 7 13 16 | 16.7
Long Blades    | 3 4 |  4.7
Short Blades   | 2 3 5 8 10 13 | 13.7
Evocations     | 1 |  1.6
Armour         | |  3.6
Dodging        | |  0.3
Shields        | |  3.6

Action                     |  1- 3 |  4- 6 |  7- 9 | 10-12 || total
---------------------------+-------+-------+-------+-------++-------
  Melee: Long sword        |   105 |    21 |       |       ||   126
         Headbutt          |    14 |    19 |    50 |    63 ||   146
         Rapier            |       |    96 |   227 |   287 ||   610
  Evoke: Wand              |       |       |       |     3 ||     3
    Use: Scroll            |       |     2 |     2 |     1 ||     5
         Potion            |       |     3 |     4 |     4 ||    11
 Armour: Scale mail        |    52 |    63 |   142 |       ||   257
         Skin              |       |     3 |       |    13 ||    16
         Ring mail         |       |       |    18 |   219 ||   237
  Dodge: Dodged            |    50 |    33 |    53 |    93 ||   229
  Block: Buckler           |    20 |    28 |    48 |    42 ||   138

Table legend: (Time is in decaauts)
 A = Elapsed time spent in this place.
 B = Non-inter-level travel time spent in this place.
 C = Inter-level travel time spent in this place.
 D = Time resting spent in this place.
 E = Time spent auto-exploring this place.
 F = Levels seen in this place.
 G = Mean time per level.
                   A        B        C        D        E       F      G
               +--------+--------+--------+--------+--------+-----+--------+
         Total |  10586 |  10140 |    446 |      0 |   8338 |  15 |  705.7 |
       Dungeon |  10586 |  10140 |    446 |      0 |   8338 |  15 |  705.7 |
               +--------+--------+--------+--------+--------+-----+--------+

Top non-repeatable levels by time:
    D:11: 1447 daAuts
     D:7: 1287 daAuts
     D:3: 1212 daAuts
     D:5: 1200 daAuts
    D:12: 1013 daAuts
     D:9: 997 daAuts
     D:2: 943 daAuts
     D:4: 805 daAuts
     D:1: 557 daAuts
     D:8: 508 daAuts
    D:13: 242 daAuts
    D:10: 219 daAuts
    D:15: 64 daAuts
     D:6: 61 daAuts
    D:14: 26 daAuts
